 Dungeon Crawl Stone Soup version 0.31.0-32-g396128a36d (webtiles) character file.

Game seed: 11340042675989932972

9150 PaiMei the Artisan of Death (level 11, -2/87 HPs)
             Began as a Demonspawn Necromancer on Mar 29, 2024.
             Was a Priest of Kikubaaqudgha.
             Killed from afar by a gargoyle (17 damage)
             ... with a stone arrow
             ... on level 10 of the Dungeon.
             The game lasted 00:20:06 (13358 turns).

PaiMei the Artisan of Death (DsNe)                 Turns: 13358, Time: 00:20:07

Health: -2/87      AC:  7    Str:  9    XL:     11   Next: 19%
Magic:  32/32      EV: 22    Int: 19    God:    Kikubaaqudgha [***...]
Gold:   548        SH:  0    Dex: 18    Spells: 17/26 levels left

rFire   + . .        x - +0 short sword (venom)
rCold   . . .        (no shield)
rNeg    . . .        u - +2 robe {rF+}
rPois   .            (no helmet)
rElec   .            K - +2 cloak
rCorr   .            (no gloves)
SInv    .            (no boots)
Will    .....        (no amulet)
Stlth   ++++         v - ring of magical power
HPRegen 0.34/turn    w - +5 ring of evasion
MPRegen 0.23/turn

%: no passive effects
@: no status effects
A: thin skeletal structure 2, demonic magic 2, demonic touch 2
a: Renounce Religion, Unearth Wretches


You were on level 10 of the Dungeon.
You worshipped Kikubaaqudgha.
Kikubaaqudgha was most pleased with you.
You visited 2 branches of the dungeon, and saw 11 of its levels.
You also visited: Bailey.

You collected 548 gold pieces.

Inventory:

Hand Weapons
 x - a +0 short sword of venom (weapon)
 B - a +2 whip of freezing
Missiles
 p - 20 poisoned darts
 G - 6 curare-tipped darts
 J - 3 throwing nets
Armour
 u - a +2 robe of fire resistance (worn)
 A - a +0 ring mail of positive energy
 K - a +2 cloak (worn)
Jewellery
 i - a +6 ring of intelligence
 v - a ring of magical power (left hand)
 w - a +5 ring of evasion (right hand)
 H - a ring of protection from fire
Wands
 z - a wand of paralysis (11)
 L - a wand of flame (1)
Scrolls
 a - 3 scrolls of fear {unknown}
 d - 10 scrolls of teleportation
 f - 3 scrolls of vulnerability {unknown}
 g - 2 scrolls of immolation {unknown}
 h - 3 scrolls of torment {unknown}
 j - 3 scrolls of amnesia {unknown}
 n - 2 scrolls of brand weapon {unknown}
 o - 3 scrolls of identify {unknown}
 t - 2 scrolls of enchant armour {unknown}
 y - 3 scrolls of blinking {unknown}
 C - 4 scrolls of silence {unknown}
 D - 2 scrolls of revelation {unknown}
Potions
 b - 3 potions of magic
 c - a potion of haste {unknown}
 e - 2 potions of degeneration {unknown}
 k - a potion of invisibility {unknown}
 l - a potion of resistance {unknown}
 m - a potion of enlightenment {unknown}
 q - 2 potions of mutation {unknown}
 r - a potion of lignification {unknown}
 s - a potion of brilliance {unknown}
 E - a potion of curing {unknown}
 F - 2 potions of might {unknown}
 I - 2 potions of ambrosia {unknown}


   Skills:
 + Level 8.4 Fighting
 + Level 8.3 Dodging
 - Level 3.1 Stealth
 + Level 8.3 Spellcasting
 + Level 10.6 Necromancy


You had 17 spell levels left.
You knew the following spells:

 Your Spells              Type           Power      Damage    Failure   Level
a - Necrotise             Necr           100%       1d9       1%          1
b - Vampiric Draining     Necr           48%        2d9       1%          3
c - Curse of Agony        Necr           48%        N/A       3%          5

Your spell library contained the following spells:

 Spells                   Type           Power      Damage    Failure   Level
 Animate Dead             Necr           48%        N/A       1%          4
 Cigotuvi's Dreadful Rot  Necr/Alch/Air  42%        N/A       3%          2
 Magic Dart               Conj           28%        1d4       9%          1
 Sandblast                Erth           14%        2d6       9%          1
 Summon Small Mammal      Summ           28%        N/A       9%          1
 Anguish                  Hex/Necr       14%        N/A       10%         4
 Martyr's Knell           Necr/Summ      28%        N/A       10%         4
 Searing Ray              Conj           14%        2d5       13%         2
 Death Channel            Necr           24%        N/A       17%         6
 Call Canine Familiar     Summ           7%         N/A       26%         3
 Dazzling Flash           Conj/Hex       14%        N/A       26%         3
 Mephitic Cloud           Conj/Alch/Air  7%         N/A       26%         3
 Passwall                 Erth           7%         N/A       26%         3
 Stone Arrow              Conj/Erth      14%        3d7       26%         3
 Brom's Barrelling Bould  Conj/Erth      7%         2d3       65%         4
 Fulminant Prism          Conj/Alch      3%         3d5       65%         4
 Summon Blazeheart Golem  Fire/Summ      7%         N/A       65%         4
 Silence                  Hex/Air        3%         N/A       94%         5


Dungeon Overview and Level Annotations

Branches:
Dungeon (10/15)            Temple (1/1) D:5            Lair (0/5) D:8
    Orc (0/2) D:9          Bailey (visited)

Altars:
Ashenzari
Cheibriados
Dithmenos
Fedhas
Gozag
Hepliaklqana
Kikubaaqudgha
Makhleb
Nemelex Xobeh
Okawaru
Qazlal
Sif Muna
Trog
Uskayaw
Vehumet
Wu Jian
Xom
Yredelemnul

Shops:
D:1 ?   D:6 (   D:9 (

Annotations:
D:4 Sigmund
D:5 1 runed translucent door, Tripartite's ghost, weakling MfDe


Innate Abilities, Weirdness & Mutations

You have a moderately thin skeletal structure. (Dex +4, Stealth++)
Spells you cast may paralyse nearby enemies.
Your touch may inflict irresistible damage on your foes.


Message History

Casting: Necrotise (safe; 1% risk of failure)
Confirm with . or Enter, or press ? or * to list all spells.
You can't see any susceptible monsters within range! (Use Z to cast anyway.)
Aiming: Paralyse
Press: ? - help, Shift-Dir - straight line, f - gargoyle
Aim: a gargoyle, wielding a +0 mace (moderately damaged, chance to affect: 31%)
The gargoyle easily resists.
The gargoyle closely misses you.
Aiming: Paralyse
Press: ? - help, Shift-Dir - straight line, f/p - gargoyle
Aim: a gargoyle, wielding a +0 mace (moderately damaged, chance to affect: 31%)
The gargoyle easily resists.
The gargoyle hurls a stone arrow at you.
The stone arrow misses you.
Aiming: Paralyse
Press: ? - help, Shift-Dir - straight line, f/p - gargoyle
Aim: a gargoyle, wielding a +0 mace (moderately damaged, chance to affect: 31%)
The gargoyle easily resists.
The gargoyle hurls a stone arrow at you.
The stone arrow misses you.
Aiming: Paralyse
Press: ? - help, Shift-Dir - straight line, f/p - gargoyle
Aim: a gargoyle, wielding a +0 mace (moderately damaged, chance to affect: 31%)
The gargoyle easily resists.
The gargoyle completely misses you.
Aiming: Throw Flame
Press: ? - help, Shift-Dir - straight line, f/p - gargoyle
Aim: a gargoyle, wielding a +0 mace (moderately damaged, 85% to hit)
The puff of flame hits the gargoyle.
The gargoyle is heavily damaged.
The gargoyle hurls a stone arrow at you.
The stone arrow hits you!!
* * * LOW HITPOINT WARNING * * *
Aiming: Throw Flame
Press: ? - help, Shift-Dir - straight line, f/p - gargoyle
Aim: a gargoyle, wielding a +0 mace (heavily damaged, 85% to hit)
The puff of flame hits the gargoyle!
The gargoyle is severely damaged.
The gargoyle hurls a stone arrow at you.
The stone arrow hits you!
You die...
Kikubaaqudgha rasps: "You have failed me!
Welcome... death!"

............##...
....................#...
....................#...
....................#...
....................####
....................####
...............)........
....................####
......9@............# #
............).......# #
....................####
........)......(.......#
...............)........
....................##.#
........................
)...................##..
................##..


You could see a gargoyle.

Vanquished Creatures
  A two-headed ogre (D:8)
  Pikel (D:6)
  Joseph (D:9)
  A hornet (D:9)
  2 wyverns (D:9)
  19 yaks
  3 steam dragons
  A warg (D:8)
  Edmund (D:5)
  A water moccasin (D:5)
  3 orc warriors
  2 ice beasts
  7 wolves
  3 centaurs
  A lemure (D:6)
  2 kobold brigands
  5 bullfrogs
  2 scorpions
  6 gnoll sergeants (Bailey)
  3 killer bees (D:8)
  A howler monkey (D:6)
  An electric eel (D:8)
  2 bombardier beetles
  4 hounds
  3 jellies
  2 sleepcaps (D:5)
  3 gnoll boudas
  3 iguanas
  9 orc priests
  Ijyb (D:5)
  9 orc wizards
  A scorpion zombie (D:4)
  12 gnolls
  5 adders
  A shadow imp (D:7)
  2 white imps
  6 ufetubi
  An adder zombie (D:4)
  4 dart slugs
  2 ribbon worms
  29 orcs
  5 ball pythons
  5 bats
  10 endoplasms
  2 giant cockroaches
  15 goblins
  5 hobgoblins
  14 kobolds
  5 quokkas
  A frilled lizard (D:2)
  3 rats
231 creatures vanquished.

Vanquished Creatures (collateral kills)
  A gnoll (Bailey)
  A hobgoblin (D:4)
2 creatures vanquished.

Grand Total: 233 creatures vanquished

Notes
Turn   | Place    | Note
-------+----------+-------------------------------------------
     0 | D:1      | PaiMei the Demonspawn Necromancer began the quest for the
                  | Orb.
     0 | D:1      | Reached XP level 1. HP: 13/13 MP: 3/3
   372 | D:1      | Gained mutation: Your touch may inflict minor irresistible
                  | damage on your foes. [demonic ancestry]
   372 | D:1      | Reached XP level 2. HP: 18/19 MP: 3/5
   415 | D:1      | Found Mang's Magic Scroll Boutique.
  1410 | D:2      | Reached XP level 3. HP: 17/24 MP: 2/6
  1414 | D:2      | Learned a level 3 spell: Vampiric Draining
  1629 | D:2      | Found a faded altar of an unknown god.
  2658 | D:4      | Noticed a phantom
  2678 | D:4      | Noticed a scorpion
  2878 | D:3      | Reached skill level 5 in Necromancy
  2878 | D:3      | Gained mutation: You have a somewhat thin skeletal
                  | structure. (Dex +2, Stealth+) [demonic ancestry]
  2878 | D:3      | Reached XP level 4. HP: 30/30 MP: 3/8
  3133 | D:4      | Killed a scorpion
  3134 | D:4      | Gained mutation: Your touch may inflict irresistible damage
                  | on your foes. [demonic ancestry]
  3134 | D:4      | Reached XP level 5. HP: 35/35 MP: 1/9
  3444 | D:4      | Noticed Sigmund
  3912 | D:4      | Found a burning altar of Makhleb.
  3912 | D:4      | Found a shimmering blue altar of Sif Muna.
  3969 | D:4      | Found a shadowy altar of Dithmenos.
  3971 | D:4      | Found an ornate altar of the Wu Jian Council.
  3978 | D:4      | Found a basalt altar of Yredelemnul.
  4401 | D:5      | Entered Level 5 of the Dungeon
  4401 | D:5      | Found a staircase to the Ecumenical Temple.
  4408 | Temple   | Entered the Ecumenical Temple
  4429 | Temple   | Became a worshipper of Kikubaaqudgha
  4536 | D:5      | Reached skill level 1 in Fighting
  4580 | D:5      | Found a runed translucent door.
  4581 | D:5      | Noticed Tripartite's ghost (weakling MfDe)
  4682 | D:5      | Reached XP level 6. HP: 43/43 MP: 7/11
  4806 | D:5      | Noticed Ijyb
  4813 | D:5      | Paralysed by Ijyb for 3 turns
  4822 | D:5      | Paralysed by Ijyb for 4 turns
  5321 | D:5      | Killed Ijyb
  5346 | D:5      | Reached skill level 6 in Necromancy
  5346 | D:5      | Gained mutation: Spells you cast may paralyse adjacent
                  | enemies. [demonic ancestry]
  5346 | D:5      | Reached XP level 7. HP: 51/51 MP: 4/12
  5473 | D:5      | Reached * piety under Kikubaaqudgha
  5473 | D:5      | Received a gift from Kikubaaqudgha
  5683 | D:5      | Noticed Edmund
  5697 | D:5      | Killed Edmund
  6302 | D:5      | Reached XP level 8. HP: 55/60 MP: 14/14
  6906 | D:6      | Reached skill level 7 in Necromancy
  6937 | D:6      | Reached skill level 5 in Spellcasting
  7193 | D:6      | Found Vuhink's Antique Weapon Boutique.
  7226 | D:6      | Reached skill level 5 in Dodging
  7592 | D:6      | Noticed Pikel
  7600 | D:6      | Killed Pikel
  7601 | D:6      | Reached skill level 5 in Fighting
  7737 | D:6      | Gained mutation: You have a moderately thin skeletal
                  | structure. (Dex +4, Stealth++) [demonic ancestry]
  7737 | D:6      | Reached XP level 9. HP: 68/68 MP: 17/17
  7939 | D:7      | Reached ** piety under Kikubaaqudgha
  8018 | D:7      | Reached skill level 8 in Necromancy
  8593 | D:7      | Found a shimmering altar of Xom.
  8817 | D:8      | Learned a level 5 spell: Curse of Agony
  9053 | D:8      | Found a staircase to the Lair.
  9210 | D:8      | Noticed a two-headed ogre
  9218 | D:8      | Killed a two-headed ogre
  9219 | D:8      | Reached skill level 9 in Necromancy
  9487 | D:8      | Gained mutation: Spells you cast may paralyse nearby
                  | enemies. [demonic ancestry]
  9487 | D:8      | Reached XP level 10. HP: 77/77 MP: 20/20
 10113 | D:9      | Reached *** piety under Kikubaaqudgha
 10113 | D:9      | Received a gift from Kikubaaqudgha
 10206 | D:9      | Paralysed by a hornet for 1 turns
 10730 | D:9      | Noticed Joseph
 10853 | D:9      | Killed Joseph
 10946 | D:9      | Found Qefod's Weapon Emporium.
 11121 | D:9      | Reached skill level 10 in Necromancy
 11207 | D:9      | Found a staircase to the Orcish Mines.
 11284 | D:10     | Entered Level 10 of the Dungeon
 11399 | D:10     | Noticed a gargoyle
 11487 | D:10     | Found a flagged portal.
 11512 | Bailey   | Entered a bailey
 12534 | D:9      | Reached XP level 11. HP: 25/86 MP: 2/23
 13358 | D:10     | Killed from afar by a gargoyle

Illustrated notes

Levels and vault maps discovered:
D:1:      nicolae_arrival_somewhat_less_tricky_arrival, layout_loops_ring,
          serial_shops, shop, minmay_crystal_room, minmay_liquid_box,
          minmay_misc_feat_chi
D:2:      layout_loops_ring, shapermc_ecumenical_altar_hornbeckon,
          kennysheep_generic_room_13
D:3:      layout_basic
D:4:      layout_cave_pools, gammafunk_temple_overflow_pools,
          nicolae_ru_path_of_blood, grunt_temple_overflow_open, serial_undead,
          serial_undead_c, serial_undead_e, serial_undead_c, serial_undead_b,
          kennysheep_decorative_pillar, item_on_display_a, uniq_robin,
          uniq_sigmund
D:5:      minmay_opposing_rooms, layout_layer_cave, minmay_temple_entry_mist,
          gammafunk_ghost_grave, uniq_ijyb, uniq_edmund
D:6:      layout_gridville, serial_shops, nicolae_shop_back_alley_shop,
          bh_walls_and_bars, uniq_pikel
D:7:      layout_rooms, mainiacjoe_overflow_surrounded_room
D:8:      layout_rooms, tso_metal_star, erik_lair_orcish_takeover,
          nicolae_water_bricks
D:9:      layout_small_grid, orc_0_dummy, serial_shops, shop,
          minmay_misc_feat_rows, uniq_joseph
D:10:     layout_basic, enter_bailey_5, corexii_checkpoint
Temple:   dpeg_chambers_temple

Skill      XL: |  1  2  3  4  5  6  7  8  9 10 |
---------------+-------------------------------+-----
Stealth        | 2 3 |  3.1
Dodging        | 2 3 4 5 6 8 |  8.3
Necromancy     | 5 6 7 9 10 | 10.6
Spellcasting   | 3 4 5 6 8 |  8.3
Fighting       | 1 2 3 5 6 8 |  8.4

Action                     |  1- 3 |  4- 6 |  7- 9 | 10-12 || total
---------------------------+-------+-------+-------+-------++-------
  Melee: Unarmed           |     4 |       |       |       ||     4
         Whip              |     7 |       |       |       ||     7
         Mace              |     3 |     9 |       |       ||    12
         Touch             |     2 |     7 |    31 |    34 ||    74
         Short sword       |       |    18 |   101 |   110 ||   229
         Punch             |       |       |     1 |     3 ||     4
   Cast: Necrotise         |    88 |    53 |    87 |    73 ||   301
         Vampiric Draining |     1 |    23 |    78 |    92 ||   194
  Evoke: Wand              |       |       |       |     6 ||     6
    Use: Scroll            |       |       |     1 |       ||     1
   Stab: Paralysed         |       |       |    27 |    47 ||    74
 Armour: Robe              |    19 |    49 |    42 |   124 ||   234
         Ring mail         |       |       |    35 |       ||    35
  Dodge: Dodged            |    28 |    55 |   117 |   270 ||   470
